 Dungeon Crawl Stone Soup version 0.30-a0-632-g346586fe48 (webtiles) character file.

Game seed: 3598064999697867823

1726 Newt the Skirmisher (level 9, -1/57 HPs)
             Began as a Kobold Hunter on Jan 13, 2023.
             Was a Follower of Qazlal.
             Slain by a killer bee (6 damage)
             ... on level 7 of the Dungeon.
             The game lasted 00:06:31 (6821 turns).

Newt the Skirmisher (Kobold Hunter)                 Turns: 6821, Time: 00:06:32

Health: -1/57      AC:  3    Str:  9    XL:     9   Next: 25%
Magic:  9/9        EV: 21    Int: 10    God:    Qazlal [*.....]
Gold:   460        SH:  2    Dex: 22    Spells: 8/8 levels left

rFire   . . .      SeeInvis .    a - +2 shortbow
rCold   . . .      Faith    .    (shield currently unavailable)
rNeg    . . .      Spirit   .    c - +0 leather armour
rPois   .          Reflect  .    (no helmet)
rElec   .          Harm     .    (no cloak)
rCorr   .          Rampage  .    (no gloves)
Will    .....                    (no boots)
Stlth   +++                      (no amulet)
HPRegen 0.29/turn                e - +5 ring of evasion
MPRegen 0.11/turn                (no ring)

@: lethally poisoned (-1 -> -3)
A: small, no large weapons, nightstalker 3
a: Renounce Religion


You were on level 7 of the Dungeon.
You worshipped Qazlal.
Qazlal was aware of your devotion.
You visited 1 branch of the dungeon, and saw 7 of its levels.

You collected 460 gold pieces.

Inventory:

Hand Weapons
 a - a +2 shortbow (weapon)
Armour
 c - a +0 leather armour (worn)
Jewellery
 e - a +5 ring of evasion (left hand)
Wands
 f - a wand of mindburst (6)
Scrolls
 b - 3 scrolls of immolation
 h - a scroll of noise
 j - a scroll of identify
 m - 2 scrolls of teleportation
 s - a scroll of magic mapping
Potions
 d - a potion of ambrosia
 g - a potion of magic
 i - 3 potions of might
 k - 2 potions of brilliance
 l - a potion of curing
 n - 2 potions of attraction
 o - a potion of cancellation {unknown}
 p - a potion of degeneration {unknown}
 q - a potion of mutation {unknown}
 r - 2 potions of flight {unknown}


   Skills:
 - Level 7.0 Fighting
 - Level 10.0 Ranged Weapons
 - Level 4.0 Armour
 - Level 4.0 Dodging
 - Level 3.0 Stealth
 + Level 3.9 Evocations


You had 8 spell levels left.
You didn't know any spells.
Your spell library contained the following spells:

 Spells                   Type           Power      Damage    Failure   Level
 Static Discharge         Conj/Air       0%         2-2/arc   61%         2
 Frozen Ramparts          Ice            0%         1d1       83%         3
 Vhi's Electric Charge    Tloc/Air       0%         N/A       83%         3
 Arcjolt                  Conj/Air       0%         1d10      100%        5
 Maxwell's Capacitive Co  Air            0%         ∞         100%        8
 Chain Lightning          Conj/Air       0%         N/A       100%        9
 Fire Storm               Conj/Fire      0%         5d1       100%        9
 Shatter                  Erth           0%         3d5*      100%        9


Dungeon Overview and Level Annotations

Branches:
Dungeon (7/15)             Temple (0/1) D:4

Altars:
Nemelex Xobeh
Qazlal
Ru


Innate Abilities, Weirdness & Mutations

You are small and have problems with some larger weapons.
You are completely attuned to the shadows.


Message History

The killer bee stings you!
You are more poisoned.
The killer bee poisons you! The killer bee closely misses you. x2
You shoot an arrow.
The arrow hits the killer bee but does no damage.
The killer bee is almost dead.
You feel very sick. The killer bee completely misses you.
The killer bee stings you. x2
* * * LOW HITPOINT WARNING * * *
You block the killer bee's attack.
The killer bee stings you but does no damage.
The killer bee misses you.
You shoot an arrow. The arrow misses the killer bee.
You feel sick. The killer bee closely misses you.
The killer bee completely misses you. The killer bee stings you.
* * * LOW HITPOINT WARNING * * *
The killer bee barely misses you. x2; You block the killer bee's attack.
You feel better. The killer bee barely misses you.
The killer bee completely misses you.
The killer bee stings you but does no damage.
You block the killer bee's attack. The killer bee misses you.
The killer bee stings you!
* * * LOW HITPOINT WARNING * * *
You are poisoned.
The killer bee poisons you!
You shoot an arrow. The arrow misses the killer bee.
You feel sick. The killer bee barely misses you. The killer bee misses you.
The killer bee completely misses you. The killer bee stings you.
* * * LOW HITPOINT WARNING * * *
The killer bee closely misses you. The killer bee stings you.
* * * LOW HITPOINT WARNING * * *
You shoot an arrow. The arrow hits the killer bee!
You kill the killer bee!
Qazlal accepts your kill.
You feel sick. The killer bee barely misses you.
The killer bee stings you but does no damage.
The killer bee stings you.
* * * LOW HITPOINT WARNING * * *
The killer bee stings you.
You die...

........# #..#
#.#≈≈≈#.#.....##
....###.####.##
#.#≈≈≈#.'.####.#
###. #..).#.#
######## #(.
#.....##...# ###
#####>#
.###..###..##
#... #.....#
.... .....##..#
#.#####
####.###.#....#
#####.#
.##y.#####<....#
#y@.......#####
#...##......#
.$.# #......#
..# ######## ..


You could see 2 killer bees.

Vanquished Creatures
  Sigmund (D:2)
  A wraith (D:6)
  An ice beast (D:6)
  A black bear (D:4)
  2 ogres
  A centaur (D:6)
  A phantom (D:6)
  A necrophage (D:6)
  A scorpion (D:4)
  4 wights (D:7)
  A killer bee (D:7)
  A howler monkey (D:4)
  4 jellies
  2 hounds
  2 orc priests
  An iguana (D:4)
  Ijyb (D:4)
  An orc wizard (D:6)
  6 adders
  2 shadow imps
  A white imp (D:7)
  3 ufetubi
  2 dart slugs
  16 orcs
  9 bats
  8 endoplasms
  4 giant cockroaches
  11 goblins
  6 hobgoblins
  2 jackals
  6 kobolds
  4 quokkas
  2 ball pythons
  4 frilled lizards
  5 rats
  A spectral kobold (D:1)
119 creatures vanquished.

Notes
Turn   | Place    | Note
-------+----------+-------------------------------------------
     0 | D:1      | Newt the Kobold Hunter began the quest for the Orb.
     0 | D:1      | Reached XP level 1. HP: 12/12 MP: 1/1
   126 | D:1      | Reached XP level 2. HP: 17/17 MP: 2/2
   183 | D:1      | Found a faded altar of an unknown god.
   400 | D:1      | Reached XP level 3. HP: 19/21 MP: 3/3
   704 | D:1      | Reached skill level 6 in Ranged Weapons
  1275 | D:2      | Reached XP level 4. HP: 26/26 MP: 4/4
  1285 | D:2      | Noticed Sigmund
  1522 | D:2      | Killed Sigmund
  1523 | D:2      | Reached skill level 8 in Ranged Weapons
  1523 | D:2      | Reached XP level 5. HP: 21/33 MP: 5/5
  1523 | D:2      | Reached XP level 6. HP: 24/38 MP: 6/6
  2477 | D:3      | Found a large runed translucent door.
  2479 | D:3      | Found a large runed translucent door.
  3184 | D:3      | Found a stormy altar of Qazlal.
  3188 | D:3      | Became a worshipper of Qazlal Stormbringer
  3198 | D:3      | Found a sparkling altar of Nemelex Xobeh.
  3253 | D:4      | You fall into a shaft and drop 1 floor!
  3253 | D:5      | Entered Level 5 of the Dungeon
  3536 | D:4      | Noticed an ogre
  3546 | D:4      | Killed an ogre
  3547 | D:4      | Reached skill level 5 in Fighting
  3547 | D:4      | Reached XP level 7. HP: 6/44 MP: 7/7
  4069 | D:4      | Found a sacrificial altar of Ru.
  4224 | D:4      | Reached skill level 9 in Ranged Weapons
  4384 | D:4      | Noticed Ijyb
  4393 | D:4      | Killed Ijyb
  4483 | D:4      | Found a staircase to the Ecumenical Temple.
  4672 | D:5      | Reached XP level 8. HP: 44/49 MP: 8/8
  5326 | D:6      | Reached skill level 10 in Ranged Weapons
  5386 | D:6      | Reached * piety under Qazlal
  5524 | D:6      | Noticed a wraith
  5537 | D:6      | Killed a wraith
  5545 | D:6      | Reached skill level 1 in Armour
  6082 | D:6      | Reached XP level 9. HP: 55/57 MP: 9/9
  6331 | D:7      | Reached skill level 1 in Evocations
  6343 | D:7      | HP: 1/57 [white imp/puff of frost (9)]
  6601 | D:7      | Got Vealoq's Notes on Breath and the Wendigo
  6821 | D:7      | Slain by a killer bee

Illustrated notes

Levels and vault maps discovered:
D:1:      erik_arrival_orb_chamber, layout_basic,
          dreamdust_ecumenical_altar_drowned_temple
D:2:      layout_basic, serial_glass, glass_columns_a, glass_columns_a,
          glass_columns_a, minmay_strange_pillars, minmay_diced_spiral,
          uniq_sigmund
D:3:      layout_loops_ring, jmf_multi_god_temple2,
          chequers_serial_rivers_small_3
D:4:      layout_rooms, nicolae_ru_sacrificial_ziggurat, temple_pool_b,
          hangedman_decor_clover_reticule, uniq_ijyb
D:5:      layout_loops_cross, grunt_tough_drop
D:6:      layout_gridville, nrook_mini_backslash
D:7:      layout_rooms, serial_aquarium, aquarium_bridge_straight
          [aquarium_subvault_bridge, aquarium_subvault_wall,
          aquarium_subvault_bridge, aquarium_subvault_balcony],
          aquarium_window_corner, aquarium_window_2, aquarium_view_2e,
          aquarium_balcony_double_3, aquarium_pool_double

Skill      XL: |  1  2  3  4  5  6  7  8  9 |
---------------+----------------------------+-----
Stealth        | 2 3 |  3.0
Ranged Weapons | 6 8 9 10 | 10.0
Fighting       | 3 5 7 |  7.0
Dodging        | 3 4 |  4.0
Armour         | 3 4 |  4.0
Evocations     | 3 |  3.9

Action                   |  1- 3 |  4- 6 |  7- 9 || total
-------------------------+-------+-------+-------++-------
 Fire: Shortbow          |    71 |   104 |   212 ||   387
  Use: Scroll            |       |    13 |     6 ||    19
       Potion            |       |       |     4 ||     4
Armor: Leather armour    |     4 |     4 |    18 ||    26
Dodge: Dodged            |    18 |    45 |   212 ||   275
Block: Other             |       |       |     5 ||     5

Table legend: (Time is in decaauts)
 A = Elapsed time spent in this place.
 B = Non-inter-level travel time spent in this place.
 C = Inter-level travel time spent in this place.
 D = Time resting spent in this place.
 E = Time spent auto-exploring this place.
 F = Levels seen in this place.
 G = Mean time per level.
                   A        B        C        D        E       F      G
               +--------+--------+--------+--------+--------+-----+--------+
         Total |   6898 |   6713 |    185 |   1002 |   4950 |   7 |  985.4 |
       Dungeon |   6898 |   6713 |    185 |   1002 |   4950 |   7 |  985.4 |
               +--------+--------+--------+--------+--------+-----+--------+

Top non-repeatable levels by time:
     D:3: 1410 daAuts
     D:1: 1166 daAuts
     D:2: 1051 daAuts
     D:6: 1030 daAuts
     D:5: 948 daAuts
     D:4: 778 daAuts
     D:7: 513 daAuts
